 Dungeon Crawl Stone Soup version 0.25.0-11-g1f837a76a1 (webtiles) character file.

Game seed: 5006742397991464131

2702 Kold the Transmogrifier (level 9, -3/56 HPs)
             Began as an Octopode Transmuter on June 24, 2020.
             Was a Follower of Cheibriados.
             Slain by an orc warrior
             ... wielding a +0 long sword
              (11 damage)
             ... on level 6 of the Dungeon.
             The game lasted 00:17:52 (8502 turns).

Kold the Transmogrifier (Octopode Transmuter)       Turns: 8502, Time: 00:17:53

Health: -3/56      AC:  6    Str: 12    XL:     9   Next: 65%
Magic:  15/15      EV: 22    Int: 22    God:    Cheibriados [*.....]
Gold:   343        SH:  0    Dex: 20    Spells: 6/16 levels left

rFire    . . .     SeeInvis .     - Unarmed
rCold    . . .     Gourm    .   (shield currently unavailable)
rNeg     . . .     Faith    .   (helmet currently unavailable)
rPois    x         Spirit   .   (no amulet)
rElec    .         Reflect  .   m - +4 ring of protection
rCorr    .         Harm     .   (no ring)
MR       .....                  (no ring)
Stlth    ++........             (no ring)
HPRegen  0.18/turn              (no ring)
MPRegen  0.14/turn              (no ring)
                                (no ring)
                                (no ring)

@: spider-form (expiring), very slow
A: tiny, almost no armour, stealthy swim, (amphibious), 8 rings, (constrict 8)
a: End Transformation, Bend Time, Renounce Religion


You were on level 6 of the Dungeon.
You worshipped Cheibriados.
Cheibriados was aware of your devotion.
You were hungry.
You were a venomous arachnid creature.
You visited 2 branches of the dungeon, and saw 8 of its levels.

You collected 343 gold pieces.

Inventory:

Hand Weapons
 g - a +5 dagger of venom
 r - the +2 rapier of Xioblox (melded) {vorpal, Fragile rPois rC+ rN+}
   (You found it on level 5 of the Dungeon)

   It inflicts extra damage upon your enemies.
   It protects you from cold.
   It protects you from poison.
   It protects you from negative energy.
   It will be destroyed if unequipped.
 w - the +10 whip "Muvaitz" {drain, *Corrode +Rage rF+ SInv, unknown}
   (You found it on level 7 of the Dungeon)

   A truly terrible weapon, it drains the life of those it strikes.
   It protects you from fire.
   It lets you see invisible.
   It lets you go berserk.
   It may corrode you when you take damage.
Missiles
 a - 108 arrows
Armour
 s - the +3 warlock's mirror (melded) {reflect}
   (You found it on level 5 of the Dungeon)
Jewellery
 m - a +4 ring of protection (left front leg)
 v - an uncursed ring of fire
Wands
 f - a wand of random effects (20)
 i - a wand of digging (5)
 x - a wand of flame (13)
 B - a wand of acid (10)
Scrolls
 b - 7 scrolls of teleportation
 d - 3 scrolls of magic mapping
 e - 2 scrolls of identify {unknown}
 k - 2 scrolls of remove curse
 n - a scroll of amnesia
 o - a scroll of random uselessness
 q - a scroll of fog {unknown}
 u - a scroll of enchant armour
 y - a scroll of immolation {unknown}
 z - a scroll of noise {unknown}
 A - 2 scrolls of summoning
Potions
 h - 2 potions of ambrosia {unknown}
 j - a potion of heal wounds
 p - a potion of might {unknown}
 t - a potion of brilliance {unknown}
Comestibles
 c - 10 rations
 l - 8 chunks of flesh


   Skills:
 + Level 3.0 Fighting
 - Level 2.0 Short Blades
 + Level 3.5 Dodging
 - Level 2.0 Stealth
 - Level 4.0 Shields
 - Level 4.0 Unarmed Combat
 - Level 4.0 Spellcasting
 + Level 9.2 Transmutations
 - Level 3.0 Ice Magic
 - Level 3.0 Poison Magic


You had 6 spell levels left.
You knew the following spells:

 Your Spells              Type           Power        Failure   Level  Hunger
a - Beastly Appendage     Tmut           #####.       2%          1    None
b - Sticks to Snakes      Tmut           #####...     3%          2    #......
c - Spider Form           Tmut/Pois      ####......   10%         3    ###....
d - Ice Form              Ice/Tmut       ####....     22%         4    ####...

Your spell library contained the following spells:

 Spells                   Type           Power        Failure   Level  Hunger
 Blade Hands              Tmut           #####.....   19%         5    ######.
 Animate Skeleton         Necr           N/A          26%         1    None
 Pain                     Necr           #...         26%         1    None
 Vampiric Draining        Necr           #.........   54%         3    ###....
 Animate Dead             Necr           N/A          88%         4    ####...
 Agony                    Necr           #.......     99%         5    ######.


Dungeon Overview and Level Annotations

Branches:
Dungeon (7/15)             Temple (1/1) D:6

Altars:
Ashenzari
Cheibriados
Elyvilon
Fedhas
Gozag
Hepliaklqana
Kikubaaqudgha
Makhleb
Nemelex Xobeh
Okawaru
Qazlal
Ru
Sif Muna
Uskayaw
Vehumet
Wu Jian
Xom
Yredelemnul
Zin
The Shining One

Shops:
D:5 (


Innate Abilities, Weirdness & Mutations

You cannot wear most types of armour.
You are very stealthy in the water. (Stealth+)
((You are amphibious.))
You can wear up to eight rings at the same time.
((You can use your tentacles to constrict eight enemies at once.))
((Your skin changes colour to match your surroundings (Stealth+).))
((Your rubbery body absorbs attacks. (AC +1, EV +1)))


Message History

You hit the orc warrior.
The orc warrior is poisoned.
The orc warrior is lightly wounded.
The orc warrior hits you with a +0 long sword!!
You hit the orc warrior but do no damage.
The orc warrior looks as sick as possible!
The orc warrior is lightly wounded.
The orc warrior misses you.
You hit the orc warrior but do no damage.
The orc warrior looks as sick as possible!
The orc warrior is moderately wounded.
The orc warrior barely misses you.
You hit the orc warrior but do no damage.
The orc warrior looks as sick as possible!
The orc warrior is moderately wounded.
You barely miss the orc warrior.
The orc warrior is heavily wounded.
The orc warrior hits you with a +0 long sword!
* * * LOW HITPOINT WARNING * * *
The orc warrior hits you with a +0 long sword!
You die...

#.........#
#.......).#
###...##### ##..#
#..# #..# ##.#
#o#################
#>s....[...........
###################
#...............
#.##############
#...............
################


You could see an orc warrior (extremely poisoned).

Vanquished Creatures
  Grinder (D:3)
  Sigmund (D:2)
  Menkaure (D:4)
  An ice beast (D:5)
  A sky beast (D:7)
  An orc warrior (D:7)
  An ogre (D:4)
  A phantom (D:7)
  4 centaurs
  Blork the orc (D:6)
  3 bullfrogs
  A gnoll sergeant (D:5)
  3 scorpions
  A howler monkey (D:6)
  A centaur zombie (D:6)
  4 crimson imps
  An orc priest (D:3)
  A bullfrog skeleton (D:5)
  3 hounds
  A jelly (D:6)
  5 orc wizards
  A centaur skeleton (D:5)
  3 gnoll shamans (D:5)
  Jessica (D:2)
  Terence (D:2)
  A worker ant (D:6)
  A killer bee zombie (D:5)
  Robin (D:3)
  9 gnolls
  6 adders
  A shadow imp (D:7)
  An adder skeleton (D:6)
  3 worms
  4 dart slugs
  2 leopard geckos
  15 orcs
  5 bats
  2 giant cockroaches
  15 goblins
  9 hobgoblins
  10 jackals
  2 quokkas
  6 frilled lizards
  9 kobolds
  A leopard gecko skeleton (D:7)
  A leopard gecko zombie (D:6)
  A quokka zombie (D:6)
  2 rats (D:3)
150 creatures vanquished.

Vanquished Creatures (collateral kills)
  A crimson imp (D:6)
1 creature vanquished.

Grand Total: 151 creatures vanquished

Notes
Turn   | Place    | Note
-------+----------+-------------------------------------------
     0 | D:1      | Kold the Octopode Transmuter began the quest for the Orb.
     0 | D:1      | Reached XP level 1. HP: 13/13 MP: 3/3
   304 | D:1      | Reached XP level 2. HP: 18/18 MP: 5/5
   631 | D:1      | You fall into a shaft and drop 1 floor!
   640 | D:2      | Noticed Jessica
   646 | D:2      | Killed Jessica
   646 | D:2      | Reached skill level 3 in Transmutations
   646 | D:2      | Reached XP level 3. HP: 14/23 MP: 4/6
  1114 | D:2      | Reached XP level 4. HP: 24/28 MP: 7/7
  1237 | D:2      | Learned a level 2 spell: Sticks to Snakes
  1241 | D:2      | Learned a level 3 spell: Spider Form
  1252 | D:2      | Found a shimmering altar of Xom.
  1252 | D:2      | Found a radiant altar of Vehumet.
  1334 | D:2      | Noticed Sigmund
  1347 | D:2      | Killed Sigmund
  1347 | D:2      | Reached skill level 4 in Transmutations
  1347 | D:2      | Reached XP level 5. HP: 16/33 MP: 8/8
  1347 | D:2      | Reached XP level 6. HP: 19/38 MP: 9/9
  1519 | D:2      | Noticed Terence
  1528 | D:2      | Killed Terence
  1811 | D:3      | Noticed Grinder
  1829 | D:3      | Killed Grinder
  1829 | D:3      | Reached skill level 5 in Transmutations
  1829 | D:3      | Reached XP level 7. HP: 7/43 MP: 10/10
  2098 | D:3      | Found a stormy altar of Qazlal.
  2263 | D:3      | Reached skill level 6 in Transmutations
  2584 | D:3      | Noticed Robin
  2644 | D:3      | Killed Robin
  3411 | D:3      | Found a white marble altar of Elyvilon.
  3412 | D:3      | Found a hazy altar of Hepliaklqana.
  3704 | D:4      | Noticed Menkaure
  3717 | D:4      | Killed Menkaure
  3717 | D:4      | Reached skill level 7 in Transmutations
  3724 | D:4      | Learned a level 4 spell: Ice Form
  3919 | D:4      | Reached skill level 1 in Ice Magic
  4014 | D:4      | Reached XP level 8. HP: 48/48 MP: 6/11
  4265 | D:5      | Entered Level 5 of the Dungeon
  4295 | D:5      | Got a scorched rapier
  4296 | D:5      | Identified the cursed +2 rapier of Xioblox {vorpal, Fragile
                  | rPois rC+ rN+} (You found it on level 5 of the Dungeon)
  4518 | D:5      | Found the +3 warlock's mirror {reflect}
  4632 | D:5      | Reached skill level 1 in Shields
  4853 | D:5      | Found Kiudd's Weapon Shop.
  4944 | D:5      | Reached skill level 8 in Transmutations
  6727 | D:6      | Noticed Blork the orc
  6744 | D:6      | Killed Blork the orc
  6762 | D:6      | Found a staircase to the Ecumenical Temple.
  6772 | Temple   | Entered the Ecumenical Temple
  6898 | D:6      | Reached XP level 9. HP: 48/53 MP: 12/14
  6951 | Temple   | Became a worshipper of Cheibriados the Contemplative
  8079 | D:6      | Reached skill level 1 in Stealth
  8342 | D:7      | Got a smoking whip
  8356 | D:7      | Reached skill level 9 in Transmutations
  8384 | D:7      | Reached * piety under Cheibriados
  8502 | D:6      | Slain by an orc warrior

Illustrated notes

Levels and vault maps discovered:
D:1:      kilobyte_arrival_exit_the_forest, layout_loops_ring
D:2:      layout_basic, chequers_temple_overflow_statue_of_worship,
          first_ration, minmay_lizard_pond, uniq_jessica, uniq_terence,
          uniq_sigmund
D:3:      layout_basic, amethyst_overflow_temple_binary, grunt_ministairs_14,
          nicolae_qazlal_general_emergency, uniq_robin, uniq_grinder
D:4:      layout_loops_ring, hex_tiny, uniq_menkaure
D:5:      corexii_shack_village, layout_cave_pods, serial_shops, shop_statue,
          serial_gnoll_camp, gnoll_camp_mini_basic, gnoll_camp_mini_sergeant,
          gnoll_camp_mini_house, gnoll_camp_mini_hut, gnoll_camp_mini_hut
D:6:      layout_basic, minmay_temple_entry_junction, uniq_blork_the_orc
D:7:      layout_loops_ring, serial_glass, glass_columns_a, glass_columns_a,
          glass_columns_a, glass_columns_b, glass_columns_a,
          uniq_crazy_yiuf_cottage
Temple:   nicolae_temple_x_marks_the_god

Skill      XL: |  1  2  3  4  5  6  7  8  9 |
---------------+----------------------------+-----
Transmutations | 3 4 5 7 8 9 |  9.2
Unarmed Combat | 4 |  4.0
Short Blades   | 2 |  2.0
Poison Magic   | 2 3 |  3.0
Ice Magic      | 1 3 |  3.0
Shields        | 3 4 |  4.0
Spellcasting   | 3 4 |  4.0
Stealth        | 2 |  2.0
Fighting       | 3 |  3.0
Dodging        | 3 |  3.5

Action                   |  1- 3 |  4- 6 |  7- 9 || total
-------------------------+-------+-------+-------++-------
Melee: Unarmed           |    43 |       |   100 ||   143
       Constrict         |    13 |     7 |    51 ||    71
       Tentacles         |     8 |     4 |    48 ||    60
       Kick              |     3 |     5 |    17 ||    25
       Dagger            |     5 |    34 |    70 ||   109
       Punch             |     1 |     1 |     6 ||     8
       Rapier            |       |       |   180 ||   180
 Cast: Beastly Appendage |     5 |     4 |    15 ||    24
       Spider Form       |       |       |    12 ||    12
       Sticks to Snakes  |       |       |     8 ||     8
       Ice Form          |       |       |     1 ||     1
Evoke: Wand              |       |       |     1 ||     1
  Use: Potion            |       |     4 |       ||     4
       Scroll            |       |       |     8 ||     8
 Stab: Sleeping          |     3 |     3 |    10 ||    16
  Eat: Chunk             |     1 |     2 |    16 ||    19
       Ration            |       |       |     2 ||     2
Armor: Skin              |     6 |     3 |    60 ||    69
Dodge: Dodged            |    29 |    16 |   250 ||   295
Block: Buckler           |       |       |    19 ||    19
       Reflection        |       |       |     1 ||     1
